Map: Vaani Research Station (Void)

Players

Fropez - Winner!

  • Race: Protoss Protoss
  • League: Gold
  • Spawn Location: 6:00

Sting

  • Race: Protoss Protoss
  • League: Gold
  • Spawn Location: 12:00

VOD

Have the link to the VOD?

Description

Time

  • Played on: Jan. 9, 2017, 4:14 p.m.
  • Length: 8:54
Show
View Real Time Build Order
Export as new Build Order

Fropez Protoss - Winner!

Build Orders: 1 Gate Expand 

Get SALT Encoding   

  12  0:04  Probe (Chrono Boost)  
  13  0:17  Probe (Chrono Boost)  
  14  0:22  Pylon  
  14  0:30  Probe (Chrono Boost)  
  15  0:41  Probe (Chrono Boost)  
  16  0:43  Gateway  
  16  0:48  Assimilator  
  16  0:51  Probe (Chrono Boost)  
  17  1:04  Probe (Chrono Boost)  
  18  1:15  Probe (Chrono Boost)  
  20  1:25  Probe (Chrono Boost)  
  20  1:29  Nexus  
  20  1:36  Probe (Chrono Boost)  
  21  1:46  Probe (Chrono Boost), Cybernetics Core  
  21  1:57  Probe (Chrono Boost)  
  21  1:59  Assimilator  
  22  2:08  Probe (Chrono Boost)  
  23  2:15  Warp Gate  
  23  2:39  Nexus  
  23  2:41  Pylon  
  23  2:43  Pylon  
  23  2:44  Pylon  
  23  3:00  Mothership Core (Chrono Boost)  
  23  3:03  Adept  
  27  3:10  Pylon  
  28  3:20  Probe (Chrono Boost)  
  28  3:26  Pylon  
  28  3:28  Gateway  
  28  3:30  Gateway  
  28  3:32  Probe (Chrono Boost)  
  29  3:35  Adept  
  31  3:44  Probe (Chrono Boost)  
  33  3:56  Probe (Chrono Boost)  
  33  3:57  Assimilator  
  33  4:00  Probe (Chrono Boost)  
  33  4:01  Pylon  
  34  4:08  Probe (Chrono Boost)  
  37  4:23  Pylon  
  37  4:24  Pylon  
  35  4:32  Twilight Council  
  35  4:33  Probe x2 (Chrono Boost)  
  35  4:34  Forge  
  37  4:44  Stalker  
  37  4:45  Stalker  
  40  4:54  Protoss Ground Weapons Level 1  
  40  4:59  Pylon  
  40  5:01  Stalker  
  40  5:02  Pylon  
  40  5:03  Blink  
  40  5:06  Probe x2 (Chrono Boost)  
  44  5:27  Probe (Chrono Boost)  
  44  5:28  Assimilator  
  46  5:29  Probe (Chrono Boost)  
  46  5:34  Stalker x2  
  48  5:51  Pylon  
  48  5:54  Pylon  
  48  5:55  Stalker  
  50  6:03  Stalker  
  50  6:04  Stalker  
  52  6:07  Probe (Chrono Boost)  
  52  6:08  Probe (Chrono Boost)  
  54  6:19  Templar Archives  
  54  6:21  Probe x2 (Chrono Boost)  
  56  6:31  Stalker x3  
  62  6:47  Pylon  
  62  6:57  Pylon  
  62  6:58  Stalker  
  62  6:59  Stalker x2  
  66  7:20  Robotics Facility  
  66  7:21  Probe x2 (Chrono Boost)  
  68  7:23  Stalker  
  68  7:24  Stalker  
  72  7:30  Pylon  
  67  7:40  Stalker  
  57  7:52  Stalker x2  
  59  8:11  Stalker  
  61  8:18  Stalker x2  
Show
View Real Time Build Order
Export as new Build Order

Sting Protoss 

Build Orders:  

Get SALT Encoding   

  12  0:08  Probe (Chrono Boost)  
  13  0:18  Probe (Chrono Boost)  
  14  0:29  Probe (Chrono Boost)  
  15  0:36  Pylon  
  15  0:46  Pylon  
  15  0:54  Probe (Chrono Boost)  
  15  0:56  Forge  
  16  1:03  Assimilator  
  16  1:05  Probe (Chrono Boost)  
  17  1:12  Gateway  
  17  1:17  Probe (Chrono Boost)  
  18  1:39  Gateway  
  18  1:46  Probe (Chrono Boost)  
  19  1:49  Assimilator  
  19  2:05  Cybernetics Core  
  19  2:06  Probe (Chrono Boost), Zealot  
  20  2:15  Gateway  
  22  2:26  Pylon  
  22  2:30  Zealot  
  24  2:48  Robotics Facility  
  24  2:55  Warp Gate  
  24  3:00  Stalker  
  26  3:06  Adept  
  28  3:13  Adept  
  30  3:27  Photon Cannon  
  30  3:40  Immortal  
  34  4:04  Stalker x2  
  38  4:24  Immortal  
  34  5:12  Stalker x2  
  34  5:14  Pylon  
  38  5:18  Pylon  
  34  5:49  Stalker x3  
  34  5:59  Immortal  
  33  6:14  Stalker x2  
  37  6:38  Immortal  
  41  6:47  Stalker  
  43  7:06  Adept x2  
  47  7:12  Adept  
  39  7:50  Adept x3  
Tags
 
Add a new tag
Caveats
  • Supply blocks, unpowered buildings, or Contaminate may cause inaccurate times.
  • Supply counts are checked every 10 seconds.